 Dungeon Crawl Stone Soup version 0.32-a0-834-geaf45d8e21 (webtiles) character file.

Game seed: 9547197705709380854

10133 javelincjr the Fighter (level 11, -9/115 HPs)
             Began as a Troll Fighter on Mar 25, 2024.
             Was a High Priest of Jiyva.
             Mangled by a ten-headed hydra (13 damage)
             ... on level 1 of the Lair of Beasts.
             The game lasted 00:29:19 (7499 turns).

javelincjr the Fighter (Troll Fighter)              Turns: 7499, Time: 00:29:20

Health: -9/115     AC:  6    Str: 28    XL:     11   Next: 32%
Magic:  10/10      EV:  8    Int: 15    God:    Jiyva [*****.]
Gold:   434        SH:  8    Dex:  7    Spells: 10/10 levels left

rFire   . . .        t - +6 long sword "Leviticus" {drain, Will+ SInv}
rCold   . . .        b - +0 kite shield
rNeg    + . .        B - +0 troll leather armour
rPois   .            H - +1 hat {Int+3}
rElec   .            (no cloak)
rCorr   +            (gloves unavailable)
SInv    +            (boots unavailable)
Will    +....        (no amulet)
Stlth   +            r - ring of positive energy
HPRegen 3.43/turn    (no ring)
MPRegen 0.84/turn

%: no passive effects
@: calling ooze
A: large, unfitting armour, claws 3, regeneration 1, shaggy fur 1, tough skin 1,
hooves 3, clever 2, acidic bite, evolution 2
a: Renounce Religion, Oozemancy, Slimify


You were on level 1 of the Lair of Beasts.
You worshipped Jiyva.
Jiyva was extremely pleased with you.
You visited 2 branches of the dungeon, and saw 11 of its levels.
You also visited: Ossuary.

You collected 570 gold pieces.
You spent 136 gold pieces at shops.

Inventory:

Hand Weapons
 s - a +4 dagger of venom
 t - the +6 long sword "Leviticus" (weapon) {drain, Will+ SInv}
   (You found it on level 5 of the Dungeon)

   Will+:     It increases your willpower.
   SInv:      It lets you see invisible.
 u - a +6 spear of flaming
Missiles
 d - 12 poisoned darts (quivered)
 o - 4 boomerangs
 p - 2 curare-tipped darts
Armour
 a - a +0 robe
 b - a +0 kite shield (worn)
 k - a +0 robe of positive energy
 B - a +0 troll leather armour (worn)
 C - +0 acid dragon scales
 H - a +1 hat of intelligence (worn)
Jewellery
 r - a ring of positive energy (left claw)
Wands
 m - a wand of acid (1)
 A - a wand of charming (11)
Scrolls
 f - a scroll of poison
 l - a scroll of teleportation
 q - a scroll of fog
 w - 3 scrolls of immolation
 D - a scroll of silence {unknown}
 E - a scroll of fear {unknown}
 F - a scroll of amnesia
Potions
 c - a potion of might
 e - 3 potions of lignification
 g - a potion of mutation
 h - a potion of magic
 i - 3 potions of enlightenment
 j - 3 potions of resistance
 n - a potion of ambrosia {unknown}
 v - 3 potions of curing
 x - a potion of cancellation {unknown}
 z - 2 potions of berserk rage {unknown}
 G - a potion of heal wounds {unknown}


   Skills:
 * Level 9.3 Fighting
 * Level 7.9 Long Blades
 + Level 6.6 Dodging
 + Level 7.3 Shields
 - Level 3.9 Unarmed Combat


You had 10 spell levels left.
You didn't know any spells.
Your spell library contained the following spells:

 Spells                   Type           Power      Damage    Failure   Level
 Sandblast                Erth           0%         2d4       47%         1
 Stone Arrow              Conj/Erth      0%         3d7       85%         3
 Brom's Barrelling Bould  Conj/Erth      0%         2d3       99%         4


Dungeon Overview and Level Annotations

Branches:
Dungeon (10/15)            Temple (0/1) D:4            Lair (1/5) D:10
    Orc (0/2) D:9         Ossuary (visited)

Altars:
Ashenzari
Fedhas
Gozag
Nemelex Xobeh
Qazlal
Ru
Sif Muna
Wu Jian
Zin
Jiyva

Shops:
D:7 =   D:9 ?


Innate Abilities, Weirdness & Mutations

You are too large for most types of armour.
You have claws for hands.
Your natural rate of healing is unusually fast.
You are covered in fur. (AC +1)
You have tough skin. (AC +1)
You have hooves in place of feet.
Your mind is very acute. (Int +8, Str/Dex -2)
You have acidic saliva.
You have great hidden genetic potential.


Message History

The ten-headed hydra closely misses you.
The ten-headed hydra misses you.
The ten-headed hydra bites you but does no damage.
The ten-headed hydra barely misses you. The ten-headed hydra bites you.
The ten-headed hydra barely misses you.
Activating: Oozemancy (1% risk of failure)
Press: ? - help, Dir - look around, f - activate Slime begins to ooze from the nearby walls!
The ten-headed hydra seems less drained.
The walls burn the ten-headed hydra!
The ten-headed hydra bites you but does no damage.
You block the ten-headed hydra's attack.
The ten-headed hydra completely misses you.
The ten-headed hydra barely misses you.
You block the ten-headed hydra's attack.
The ten-headed hydra bites you!
The ten-headed hydra completely misses you.
The ten-headed hydra bites you!
You block the ten-headed hydra's attack.
The ten-headed hydra bites you!
You completely miss the ten-headed hydra.
You kick the ten-headed hydra!
The ten-headed hydra is heavily wounded.
The walls burn the ten-headed hydra!
The ten-headed hydra barely misses you. x2
The ten-headed hydra bites you! x3; The ten-headed hydra bites you.
The ten-headed hydra barely misses you.
The ten-headed hydra closely misses you.
The ten-headed hydra bites you!
* * * LOW HITPOINT WARNING * * *
The ten-headed hydra bites you!
* * * LOW HITPOINT WARNING * * *
You barely miss the ten-headed hydra. You kick the ten-headed hydra!
The ten-headed hydra is severely wounded.
The walls burn the ten-headed hydra!
The ten-headed hydra bites you!
* * * LOW HITPOINT WARNING * * *
The ten-headed hydra bites you!
* * * LOW HITPOINT WARNING * * *
The ten-headed hydra bites you!
You die...
Jiyva sends a jelly to digest your remains.

#####......#####....#
................>J#P#
......>J.J........###
.................##
.......J.........#
.................#
##...............#
####.........##.D####
######.#...#.@..P#######
##
####....#......<††######.
#...#...####.†.†.....[
###..#....# #.#.........
#.#.......# ###.........
##.......## #........>
###.....P## ###.......
#..#..#### #.......
##.#### ##......


You could see a ten-headed hydra and 2 neutral jellies (fellow slime).

Vanquished Creatures
  2 two-headed ogres
  A black mamba (Lair:1)
  A kobold demonologist (D:9)
  A komodo dragon (Lair:1)
  A hornet (D:9)
  A troll (D:9)
  A blink frog (D:10)
  5 yaks
  A wyvern (D:9)
  Grum (D:9)
  2 basilisks
  3 steam dragons
  Menkaure (D:4)
  3 vampire mosquitoes (D:10)
  An acid dragon (D:10)
  4 water moccasins
  4 orc warriors (D:9)
  A sky beast (D:6)
  An ice beast (D:8)
  4 wolves
  A centaur (D:7)
  2 ogres (D:5)
  A phantom (D:5)
  A gnoll sergeant (D:8)
  2 kobold brigands
  2 bullfrogs
  3 scorpions
  3 wights (D:7)
  An electric eel (D:8)
  5 howler monkeys
  2 bombardier beetles
  2 hounds
  2 gnoll boudas
  3 orc priests
  3 sleepcaps
  7 iguanas
  Natasha (D:3)
  5 orc wizards
  8 mummies (Ossuary)
  8 gnolls
  3 adders
  2 shadow imps
  A white imp (D:6)
  2 ufetubi (D:7)
  2 dart slugs
  22 orcs
  3 bats
  2 endoplasms (D:1)
  2 giant cockroaches
  2 gnoll zombies (Ossuary)
  3 goblins
  9 hobgoblins
  7 jackals (D:3)
  13 kobolds
  3 quokkas
  4 ball pythons
  2 frilled lizards
  A hobgoblin zombie (Ossuary)
  2 kobold zombies (Ossuary)
  3 orc zombies (Ossuary)
  5 rats
194 creatures vanquished.

Vanquished Creatures (collateral kills)
  Gastronok (Lair:1)
  A two-headed ogre (D:9)
  A wraith (D:9)
  2 wolves (D:9)
5 creatures vanquished.

Vanquished Creatures (others)
  Sigmund (D:6)
  A yak (D:7)
  A water moccasin (D:6)
  A phantom (D:7)
  A scorpion (D:6)
  28 jellies
  Natasha (twice) (D:3)
  2 gnolls
  A white imp (D:7)
  An orc (D:7)
  2 endoplasms
  3 kobolds
  3 ball pythons
  A rat (D:3)
48 creatures vanquished.

Grand Total: 247 creatures vanquished

Notes
Turn   | Place    | Note
-------+----------+-------------------------------------------
     0 | D:1      | javelincjr the Troll Fighter began the quest for the Orb.
     0 | D:1      | Reached XP level 1. HP: 22/22 MP: 0/0
   301 | D:1      | Reached XP level 2. HP: 29/29 MP: 1/1
   495 | D:1      | Found a faded altar of an unknown god.
   567 | D:1      | Prayed at the altar of an unknown god.
   567 | D:1      | Became a worshipper of Jiyva Jyluotoz the Shapeless
   567 | D:1      | Reached * piety under Jiyva
   925 | D:2      | Found a broken altar of Ashenzari.
  1277 | D:2      | Reached ** piety under Jiyva
  1321 | D:2      | Reached XP level 3. HP: 36/36 MP: 2/2
  1646 | D:3      | Reached skill level 3 in Fighting
  1794 | D:3      | Reached XP level 4. HP: 45/45 MP: 3/3
  1801 | D:3      | Noticed a kobold brigand
  1802 | D:3      | Noticed Natasha
  1814 | D:3      | Killed a kobold brigand
  1819 | D:3      | Killed Natasha
  1820 | D:3      | Reached XP level 5. HP: 25/53 MP: 4/4
  1965 | D:3      | Killed Natasha
  2049 | D:3      | Killed Natasha
  2187 | D:3      | You fall into a shaft and drop 1 floor!
  2187 | D:4      | Reached *** piety under Jiyva
  2454 | D:4      | Gained mutation: You possess an exceptional clarity of
                  | mind. [Jiyva's grace]
  2454 | D:4      | Gained mutation: Your rubbery body absorbs attacks. (AC +1,
                  | EV +1) [Jiyva's grace]
  2454 | D:4      | Gained mutation: Your pliable body absorbs attacks. (AC +2,
                  | EV +2) [Jiyva's grace]
  2454 | D:4      | Gained mutation: Your gelatinous body deflects attacks. (AC
                  | +3, EV +3) [Jiyva's grace]
  2488 | D:4      | Noticed Menkaure
  2494 | D:4      | Killed Menkaure
  2529 | D:4      | Reached skill level 4 in Fighting
  2529 | D:4      | Reached XP level 6. HP: 54/62 MP: 5/5
  2536 | D:4      | Found a staircase to the Ecumenical Temple.
  2563 | D:4      | Found an opulent altar of Gozag.
  2619 | D:4      | Reached **** piety under Jiyva
  2846 | D:5      | Entered Level 5 of the Dungeon
  2859 | D:5      | Found a sparkling altar of Nemelex Xobeh.
  2879 | D:5      | Lost mutation: Your gelatinous body deflects attacks. (AC
                  | +3, EV +3) [potion of mutation]
  2879 | D:5      | Lost mutation: You possess an exceptional clarity of mind.
                  | [potion of mutation]
  2879 | D:5      | Lost mutation: Your pliable body absorbs attacks. (AC +2,
                  | EV +2) [potion of mutation]
  2879 | D:5      | Gained mutation: Your magical capacity is low. (-10% MP)
                  | [potion of mutation]
  2879 | D:5      | Gained mutation: You have a pair of small horns on your
                  | head. [potion of mutation]
  2927 | D:5      | Found a broken altar of Ashenzari.
  2929 | D:5      | Found a glowing silver altar of Zin.
  2949 | D:5      | Found a shimmering blue altar of Sif Muna.
  2951 | D:5      | Reached XP level 7. HP: 71/71 MP: 5/5
  2952 | D:5      | Found an ornate altar of the Wu Jian Council.
  2953 | D:5      | Found a sacrificial altar of Ru.
  2955 | D:5      | Found a stormy altar of Qazlal.
  2959 | D:5      | Found a blossoming altar of Fedhas.
  3011 | D:5      | Identified the +6 long sword "Leviticus" {drain, Will+
                  | SInv}
  3205 | D:5      | Reached skill level 5 in Fighting
  3205 | D:5      | Reached skill level 1 in Long Blades
  3575 | D:6      | Killed Sigmund
  3584 | D:6      | Reached XP level 8. HP: 81/81 MP: 6/6
  3626 | D:6      | Reached ***** piety under Jiyva
  3650 | D:6      | Lost mutation: Your rubbery body absorbs attacks. (AC +1,
                  | EV +1) [potion of mutation]
  3650 | D:6      | Lost mutation: Your magical capacity is low. (-10% MP)
                  | [potion of mutation]
  3650 | D:6      | Lost mutation: You have a pair of small horns on your head.
                  | [potion of mutation]
  3650 | D:6      | Gained mutation: You have large cloven feet. [potion of
                  | mutation]
  3650 | D:6      | Gained mutation: Your movements are slightly less
                  | encumbered by armour. (ER -2) [potion of mutation]
  3650 | D:6      | Gained mutation: You have hoof-like feet. [potion of
                  | mutation]
  3837 | D:6      | Lost mutation: You have hoof-like feet. [Jiyva's grace]
  3837 | D:6      | Lost mutation: Your movements are slightly less encumbered
                  | by armour. (ER -2) [Jiyva's grace]
  3837 | D:6      | Gained mutation: You have acidic saliva. [Jiyva's grace]
  3837 | D:6      | Gained mutation: Your mind is acute. (Int +4, Str/Dex -1)
                  | [Jiyva's grace]
  3837 | D:6      | Gained mutation: Your mind is very acute. (Int +8, Str/Dex
                  | -2) [Jiyva's grace]
  3837 | D:6      | Gained mutation: Your system is resistant to poisons.
                  | (rPois) [Jiyva's grace]
  4066 | D:7      | Found a transporter.
  4066 | D:7      | Found Qies's Jewellery Shoppe.
  4070 | D:7      | Found a transporter.
  4341 | D:7      | Found a sand-covered staircase.
  4347 | Ossuary  | Entered an ossuary
  4391 | Ossuary  | Reached skill level 6 in Fighting
  4485 | Ossuary  | Reached skill level 5 in Shields
  4862 | D:8      | Noticed a two-headed ogre
  4894 | D:7      | Reached XP level 9. HP: 38/92 MP: 6/8
  4894 | D:7      | Killed a two-headed ogre
  4895 | D:7      | Reached skill level 7 in Fighting
  4895 | D:7      | Reached skill level 5 in Dodging
  4924 | D:8      | Reached skill level 5 in Long Blades
  5196 | D:8      | Gained mutation: Your melee attacks may engulf your foes in
                  | ooze. [Jiyva's grace]
  5196 | D:8      | Gained mutation: You are somewhat resistant to further
                  | mutation. [Jiyva's grace]
  5196 | D:8      | Gained mutation: You are somewhat resistant to both further
                  | mutation and mutation removal. [Jiyva's grace]
  5196 | D:8      | Gained mutation: You are almost entirely resistant to
                  | further mutation and mutation removal. [Jiyva's grace]
  5525 | D:9      | Noticed a troll
  5529 | D:9      | Killed a troll
  5616 | D:9      | Noticed a kobold demonologist
  5620 | D:9      | Killed a kobold demonologist
  5621 | D:9      | Reached XP level 10. HP: 104/104 MP: 9/9
  5893 | D:9      | Found a staircase to the Orcish Mines.
  6007 | D:9      | Noticed a two-headed ogre
  6015 | D:9      | Killed a two-headed ogre
  6016 | D:9      | Reached skill level 8 in Fighting
  6020 | D:9      | Noticed Grum
  6046 | D:9      | Killed Grum
  6060 | D:9      | Found Ahedem's Magic Scroll Emporium.
  6068 | D:9      | Bought a scroll of teleportation for 39 gold pieces
  6068 | D:9      | Bought a scroll of blinking for 97 gold pieces
  6280 | D:10     | Entered Level 10 of the Dungeon
  6310 | D:10     | Noticed a two-headed ogre
  6321 | D:10     | Killed a two-headed ogre
  6763 | D:10     | Found a staircase to the Lair.
  6799 | D:10     | Reached ****** piety under Jiyva
  6982 | D:10     | Reached XP level 11. HP: 105/113 MP: 10/10
  6983 | Lair:1   | Entered Level 1 of the Lair of Beasts
  7008 | Lair:1   | Reached skill level 9 in Fighting
  7278 | Lair:1   | Lost mutation: Your system is resistant to poisons. (rPois)
                  | [Jiyva's grace]
  7278 | Lair:1   | Lost mutation: Your melee attacks may engulf your foes in
                  | ooze. [Jiyva's grace]
  7278 | Lair:1   | Lost mutation: You are almost entirely resistant to further
                  | mutation and mutation removal. [Jiyva's grace]
  7278 | Lair:1   | Lost mutation: You are somewhat resistant to both further
                  | mutation and mutation removal. [Jiyva's grace]
  7278 | Lair:1   | Lost mutation: You are somewhat resistant to further
                  | mutation. [Jiyva's grace]
  7278 | Lair:1   | Gained mutation: You have hidden genetic potential.
                  | [Jiyva's grace]
  7278 | Lair:1   | Gained mutation: You have great hidden genetic potential.
                  | [Jiyva's grace]
  7278 | Lair:1   | Gained mutation: You have hoof-like feet. [Jiyva's grace]
  7278 | Lair:1   | Gained mutation: You have hooves in place of feet. [Jiyva's
                  | grace]
  7322 | Lair:1   | Noticed Gastronok
  7352 | Lair:1   | Killed Gastronok
  7459 | Lair:1   | Noticed a five-headed hydra
  7499 | Lair:1   | HP: 4/115 [ten-headed hydra (15)]
  7499 | Lair:1   | Mangled by a ten-headed hydra

Illustrated notes

Levels and vault maps discovered:
D:1:      elethiomel_arrival_maze, layout_basic,
          shapermc_ecumenical_altar_totnotflames
D:2:      layout_basic, basic_altar, minmay_tetromino_s2
D:3:      layout_loops_ring, serial_bayou_lagoon_a,
          nicolae_figureground_sparkle, uniq_natasha
D:4:      layout_gridville, grunt_gozag_breadcrumbs, minmay_temple_entry_waves,
          st_stairs_10, uniq_menkaure
D:5:      layout_cave_pools, grunt_temple_overflow_open
D:6:      layout_cave_pools, uniq_sigmund
D:7:      layout_loops_ring, enter_ossuary_2, serial_shops,
          nicolae_shop_drivethru
D:8:      layout_rooms, serial_bayou, serial_bayou_pond_b, serial_bayou_pond_d,
          serial_bayou_shore_a, serial_bayou_pond_a
D:9:      layout_small_grid, david_orc_4, serial_shops, nicolae_diamond_shop,
          uniq_grum
D:10:     layout_stronghold, dpeg_lair_monsters
Lair:1:   layout_cave_pods, hangedman_lair_generics_rect, uniq_gastronok,
          uniq_urug

Skill      XL: |  1  2  3  4  5  6  7  8  9 10 11 |
---------------+----------------------------------+-----
Shields        | 3 4 5 6 7 |  7.3
Fighting       | 3 4 5 6 7 8 9 |  9.3
Dodging        | 3 4 5 6 |  6.6
Unarmed Combat | 3 |  3.9
Long Blades    | 2 4 5 7 |  7.9

Action                     |  1- 3 |  4- 6 |  7- 9 | 10-12 || total
---------------------------+-------+-------+-------+-------++-------
  Melee: Unarmed           |   107 |    80 |       |       ||   187
         Dagger            |       |     4 |     7 |       ||    11
         Headbutt          |       |     1 |    23 |       ||    24
         Long sword        |       |       |   267 |   153 ||   420
         Kick              |       |       |    51 |    41 ||    92
         Bite              |       |       |    17 |    14 ||    31
 Invoke: Oozemancy         |       |       |     1 |     7 ||     8
  Evoke: Wand              |       |     1 |       |       ||     1
    Use: Potion            |       |     2 |     1 |     1 ||     4
         Scroll            |       |       |    12 |     1 ||    13
   Stab: Sleeping          |       |       |     1 |       ||     1
 Armour: Robe              |    56 |    55 |   243 |       ||   354
         Skin              |       |     7 |       |       ||     7
         Troll leather arm |       |       |     3 |   183 ||   186
  Dodge: Dodged            |    23 |    34 |   137 |    92 ||   286
  Block: Kite shield       |    35 |    28 |   136 |    98 ||   297

Table legend: (Time is in decaauts)
 A = Elapsed time spent in this place.
 B = Non-inter-level travel time spent in this place.
 C = Inter-level travel time spent in this place.
 D = Time resting spent in this place.
 E = Time spent auto-exploring this place.
 F = Levels seen in this place.
 G = Mean time per level.
                   A        B        C        D        E       F      G
               +--------+--------+--------+--------+--------+-----+--------+
         Total |   7632 |   7407 |    225 |     94 |   5405 |  12 |  636.0 |
       Dungeon |   6885 |   6660 |    225 |     87 |   4936 |  10 |  688.5 |
          Lair |    519 |    519 |      0 |      0 |    379 |   1 |  519.0 |
       Ossuary |    226 |    226 |      0 |      7 |     90 |   1 |  226.0 |
               +--------+--------+--------+--------+--------+-----+--------+

Top non-repeatable levels by time:
     D:1: 887 daAuts
     D:7: 782 daAuts
     D:9: 769 daAuts
     D:2: 751 daAuts
    D:10: 709 daAuts
     D:4: 681 daAuts
     D:8: 632 daAuts
     D:5: 614 daAuts
     D:3: 560 daAuts
  Lair:1: 519 daAuts
     D:6: 496 daAuts
 Ossuary: 226 daAuts
